 Dungeon Crawl Stone Soup version 0.29-a0-668-g12ee2bf84d (webtiles) character file.

Game seed: 567721762135364235

3787 Vylera the Basher (level 9, -1/79 HPs)
             Began as a Palentonga Warper on June 24, 2022.
             Was the Champion of Jiyva.
             Slain by a cane toad (14 damage)
             ... on level 1 of the Lair of Beasts.
             The game lasted 00:23:19 (5614 turns).

Vylera the Basher (Palentonga Warper)               Turns: 5614, Time: 00:23:20

Health: -1/79      AC: 16    Str: 15    XL:     9   Next: 95%
Magic:  0/12       EV: 10    Int: 12    God:    Jiyva [******]
Gold:   394        SH:  0    Dex: 17    Spells: 2/12 levels left

rFire   . . .      SeeInvis +   C - +2 whip (elec)
rCold   . . .      Faith    .   (no shield)
rNeg    . . .      Spirit   +   r - +0 leather armour of Ucautzunk {Will+ SInv Stlth+}
rPois   .          Reflect  .   (helmet restricted)
rElec   .          Harm     .   (no cloak)
rCorr   +          Rampage  .   F - +0 pair of gloves
Will    +....                   (no barding)
Stlth   ++........              n - amulet of guardian spirit
HPRegen 1.83/turn               I - +4 ring of protection
MPRegen 0.63/turn               (no ring)

@: lethally poisoned (-1 -> -1), about to teleport, curled up
A: large, rugged brown scales 3, see invisible, deformed body, roll 1, armoured
tail, reflexive curl, horns 1, stinger 3, agile 1, robust 1, eyeballs 1, engulf
a: Rolling Charge, Renounce Religion, Oozemancy, Slimify


You were on level 1 of the Lair of Beasts.
You worshipped Jiyva.
Jiyva was exalted by your worship.
You visited 2 branches of the dungeon, and saw 9 of its levels.
You also visited: Ossuary.

You collected 394 gold pieces.

Inventory:

Hand Weapons
 a - a +0 mace
 u - a +2 antimagic trident
 x - a +2 hand axe of electrocution
 y - a +0 flail of holy wrath
 B - a +0 whip of venom
 C - a +2 whip of electrocution (weapon)
 H - a +2 mace of protection
Missiles
 b - 4 poisoned darts
 d - 6 boomerangs of dispersal
 z - a throwing net
 D - 2 boomerangs
Armour
 r - the +0 leather armour of Ucautzunk (worn) {Will+ SInv Stlth+}
   (You found it on level 3 of the Dungeon)

   SInv:      It lets you see invisible.
   Will:      It increases your willpower.
   Stlth:     It makes you more stealthy.
 s - a +1 helmet
 A - a +0 robe of willpower
 F - a +0 pair of gloves (worn)
Jewellery
 n - an amulet of guardian spirit (around neck)
 I - a +4 ring of protection (left hand)
Wands
 o - a wand of mindburst (10) (quivered)
Scrolls
 e - 2 scrolls of enchant armour
 h - 4 scrolls of identify
 l - 3 scrolls of teleportation
 q - 4 scrolls of poison
 G - 2 scrolls of magic mapping {unknown}
Potions
 f - 2 potions of cancellation {unknown}
 g - 2 potions of haste {unknown}
 i - 3 potions of lignification
 j - a potion of mutation {unknown}
 k - a potion of ambrosia {unknown}
 m - 4 potions of curing {unknown}
 p - a potion of attraction {unknown}
 t - a potion of berserk rage {unknown}
 w - a potion of flight {unknown}
 E - a potion of magic {unknown}


   Skills:
 + Level 5.0 Fighting
 * Level 10.1 Maces & Flails
 - Level 0.6 Throwing
 + Level 1.8 Armour
 + Level 2.4 Dodging
 - Level 2.0 Spellcasting
 + Level 9.2 Translocations


You had 2 spell levels left.
You knew the following spells:

 Your Spells              Type           Power      Damage    Failure   Level
a - Blink                 Tloc           46%        N/A       1%          2
b - Gell's Gravitas       Tloc           23%        N/A       2%          3
c - Manifold Assault      Tloc           23%        N/A       21%         5

Your spell library contained the following spells:

 Spells                   Type           Power      Damage    Failure   Level
 Sublimation of Blood     Necr           1%         N/A       45%         2
 Lesser Beckoning         Tloc           23%        N/A       2%          3
 Teleport Other           Tloc           23%        N/A       2%          3
 Conjure Flame            Conj/Fire      1%         6-21      69%         3
 Ignite Poison            Fire/Tmut/Pois 1%         N/A       69%         3
 Spider Form              Tmut/Pois      1%         N/A       69%         3
 Petrify                  Tmut/Erth      1%         N/A       97%         4
 Sticky Flame             Conj/Fire      1%         2d3       97%         4
 Blade Hands              Tmut           0%         N/A       100%        5
 Irradiate                Conj/Tmut      0%         3d13      100%        5
 Yara's Violent Unravell  Hex/Tmut       0%         3d3       100%        5


Dungeon Overview and Level Annotations

Branches:
Dungeon (8/15)             Temple (0/1) D:7            Lair (1/6) D:8
Ossuary (visited)

Altars:
Nemelex Xobeh
Xom
Jiyva

Shops:
D:3 :   D:5 ?

Annotations:
D:2 1 runed translucent door, Crazy Yiuf
D:4 1 runed translucent door, Heh's ghost, novice OpVM
D:5 2 transporters, zeratav's ghost, novice SpAM


Innate Abilities, Weirdness & Mutations

You are completely covered in rugged brown scales. (AC +3, +7% HP)
You have supernaturally acute eyesight. (SInv)
Armour fits poorly on your strangely shaped body.
You can roll at nearby foes to attack.
You have a long armoured tail.
You curl defensively after being hit. (AC +7*)
You have a pair of small horns on your head.
Your tail ends in a wickedly sharp and venomous barb.
You are agile. (Dex +4, Int/Str-1)
You are robust. (+10% HP)
Your body has grown eyes which may confuse attackers. (Acc +3)
Your melee attacks may engulf your foes in ooze.


Message History

* * * LOW HITPOINT WARNING * * *
Unknown command.
Okay, then.
Casting: Manifold Assault (dangerous; 21% risk of failure)
Confirm with . or Enter, or press ? or * to list all spells.
You blink.
You feel very sick. The cane toad stings you!
* * * LOW HITPOINT WARNING * * *
The cane toad stings you but does no damage.
The cane toad closely misses you.
You feel much better.
You feel very sick. The cane toad closely misses you. The cane toad stings you.
You are more poisoned.
The cane toad poisons you! The cane toad barely misses you.
Okay, then.
Blink to where?
Press: ? - help, Dir - move target, p - cane toad
As you read the scroll of blinking, it crumbles to dust.
You feel very sick.
A cane toad comes into view.
You feel stable enough to blink again.
You feel very sick.
The cane toad moves out of view.
Okay, then.
Aiming: Mindburst
Press: ? - help, Q - select action, (/) - cycle Shift-Dir - straight line, f - cane toad
Aim: a cane toad (severely wounded, chance to affect: 64%)
The cane toad struggles to resist.
You feel very sick.
As you read the scroll of teleportation, it crumbles to dust.
You feel strangely unstable.
You feel very sick.
Unknown command.
You feel very sick.
You feel sick.
You feel sick. The cane toad attacks as you move away!
The cane toad stings you!!
You die...

###### ### ##P...# #..
####....#### ##.. ###
#......#.#.#####.#. ###
###.###.@................
####.###....FF.FF...............
##.#........###..........#.......
.....ยง#######
###........###..... ..#####
#..........###.... ###
#...........# #.... .#
#............# #.... .#
#..............###... .#####
...............# #...


You could see 4 cane toads.

Vanquished Creatures
  Grinder (D:4)
  Sigmund (D:4)
  Eustachio (D:4)
  Edmund (D:5)
  Duvessa (D:7)
  A sky beast (D:6)
  2 black bears
  An ice beast (D:6)
  2 orc warriors (D:7)
  3 ogres
  4 phantoms (D:5)
  A kobold brigand (D:8)
  5 bullfrogs
  An elf zombie (Ossuary)
  A scorpion (D:7)
  2 necrophages (D:6)
  A gnoll sergeant (D:7)
  Dowan (D:7)
  An electric eel (Lair:1)
  A howler monkey (D:5)
  4 hounds
  2 gnoll shamans (D:7)
  An orc priest (D:7)
  5 iguanas
  Ijyb (D:3)
  3 orc wizards
  3 mummies (Ossuary)
  6 adders
  20 gnolls
  A shadow imp (D:6)
  A white imp (D:6)
  An ufetubus (D:6)
  2 adder zombies (Ossuary)
  4 worms
  3 dart slugs
  20 orcs
  4 ball pythons
  5 bats
  2 giant cockroaches (D:3)
  2 gnoll zombies (Ossuary)
  3 goblins
  3 hobgoblins
  2 quokkas
  A frilled lizard (D:1)
  4 goblin zombies (Ossuary)
  4 hobgoblin zombies (Ossuary)
  10 kobolds
  2 quokka zombies (Ossuary)
  3 rats
  3 rat zombies (Ossuary)
157 creatures vanquished.

Vanquished Creatures (collateral kills)
  A komodo dragon (Lair:1)
  A water moccasin (Lair:1)
2 creatures vanquished.

Vanquished Creatures (others)
  A slime creature (Lair:1)
  A sky beast (D:7)
  3 wolves (Lair:1)
  5 jellies
  A hound (D:6)
  An iguana (D:5)
  An orc (D:5)
  2 endoplasms (D:3)
  2 kobolds
  2 quokkas
  A ball python (D:2)
  3 bats
  A frilled lizard (D:1)
  3 goblins
27 creatures vanquished.

Grand Total: 186 creatures vanquished

Notes
Turn   | Place    | Note
-------+----------+-------------------------------------------
     0 | D:1      | Vylera the Palentonga Warper began the quest for the Orb.
     0 | D:1      | Reached XP level 1. HP: 17/17 MP: 3/3
    31 | D:1      | Found a faded altar of an unknown god.
    39 | D:1      | Prayed at the altar of an unknown god.
    39 | D:1      | Became a worshipper of Jiyva Jirepudo the Shapeless
    39 | D:1      | Reached * piety under Jiyva
   387 | D:1      | Reached ** piety under Jiyva
   561 | D:1      | Reached XP level 2. HP: 23/23 MP: 5/5
  1009 | D:2      | Reached XP level 3. HP: 28/28 MP: 6/6
  1144 | D:2      | Reached skill level 3 in Maces & Flails
  1293 | D:2      | Found a runed translucent door.
  1294 | D:2      | Noticed Crazy Yiuf
  1434 | D:3      | Reached *** piety under Jiyva
  1448 | D:3      | Gained mutation: You are robust. (+10% HP) [Jiyva's grace]
  1448 | D:3      | Gained mutation: You are very robust. (+20% HP) [Jiyva's
                  | grace]
  1448 | D:3      | Gained mutation: You are extremely robust. (+30% HP)
                  | [Jiyva's grace]
  1448 | D:3      | Gained mutation: Your body has grown eyes which may confuse
                  | attackers. (Acc +3) [Jiyva's grace]
  1507 | D:3      | Noticed Ijyb
  1518 | D:3      | Killed Ijyb
  1519 | D:3      | Reached XP level 4. HP: 34/45 MP: 5/7
  1532 | D:3      | Got Sueg's Grimoire of Shape Shifting
  1549 | D:3      | Identified the +0 leather armour of Ucautzunk {Will+ SInv
                  | Stlth+}
  1610 | D:3      | Found a sparkling altar of Nemelex Xobeh.
  1914 | D:3      | Found Rodu's Book Boutique.
  2037 | D:4      | Learned a level 2 spell: Blink
  2041 | D:4      | Learned a level 3 spell: Gell's Gravitas
  2043 | D:4      | Noticed Sigmund
  2050 | D:4      | Killed Sigmund
  2051 | D:4      | Reached skill level 4 in Maces & Flails
  2051 | D:4      | Reached skill level 5 in Translocations
  2051 | D:4      | Reached XP level 5. HP: 48/52 MP: 8/8
  2051 | D:4      | Reached XP level 6. HP: 56/60 MP: 9/9
  2220 | D:4      | Reached **** piety under Jiyva
  2228 | D:4      | Noticed Grinder
  2241 | D:4      | Killed Grinder
  2242 | D:4      | Reached skill level 5 in Maces & Flails
  2247 | D:4      | Gained mutation: You curl defensively after being hit. (AC
                  | +7*) [Palentonga growth]
  2247 | D:4      | Reached XP level 7. HP: 63/68 MP: 10/10
  2460 | D:4      | Found a runed translucent door.
  2464 | D:4      | Noticed Heh's ghost (novice OpVM)
  2528 | D:4      | Noticed Eustachio
  2545 | D:4      | Killed Eustachio
  2546 | D:4      | Reached skill level 6 in Maces & Flails
  2739 | D:5      | Entered Level 5 of the Dungeon
  2857 | D:5      | Reached ***** piety under Jiyva
  2924 | D:5      | Noticed Edmund
  2944 | D:5      | Killed Edmund
  2945 | D:5      | Reached skill level 7 in Maces & Flails
  2945 | D:5      | Reached XP level 8. HP: 76/76 MP: 11/11
  3002 | D:5      | Learned a level 5 spell: Manifold Assault
  3195 | D:5      | Found a transporter.
  3197 | D:5      | Found a transporter.
  3198 | D:5      | Noticed zeratav's ghost (novice SpAM)
  3199 | D:5      | Identified the +6 great mace of the Wasteland {vorpal,
                  | Drain Will++ Dex+3}
  3209 | D:5      | Found Mabahaot's Magic Scroll Emporium.
  3307 | D:6      | Gained mutation: You have a pair of small horns on your
                  | head. [Jiyva's grace]
  3307 | D:6      | Gained mutation: You have a pair of horns on your head.
                  | [Jiyva's grace]
  3307 | D:6      | Gained mutation: You have a pair of large horns on your
                  | head. [Jiyva's grace]
  3307 | D:6      | Gained mutation: Your melee attacks may engulf your foes in
                  | ooze. [Jiyva's grace]
  3354 | D:6      | Reached skill level 8 in Maces & Flails
  3694 | D:6      | Reached XP level 9. HP: 87/87 MP: 12/12
  3706 | D:6      | Found a shimmering altar of Xom.
  3923 | D:7      | Noticed Duvessa
  3924 | D:7      | Noticed Dowan
  3936 | D:7      | Reached skill level 9 in Maces & Flails
  3990 | D:7      | Killed Duvessa
  3998 | D:7      | Killed Dowan
  4129 | D:7      | Found a staircase to the Ecumenical Temple.
  4607 | D:8      | Reached ****** piety under Jiyva
  4609 | D:8      | Found a staircase to the Lair.
  4617 | D:8      | Found a sand-covered staircase.
  4622 | Ossuary  | Entered an ossuary
  4863 | D:8      | Lost mutation: You have a pair of large horns on your head.
                  | [Jiyva's grace]
  4863 | D:8      | Lost mutation: You have a pair of horns on your head.
                  | [Jiyva's grace]
  4863 | D:8      | Lost mutation: You are extremely robust. (+30% HP) [Jiyva's
                  | grace]
  4863 | D:8      | Lost mutation: You are very robust. (+20% HP) [Jiyva's
                  | grace]
  4863 | D:8      | Gained mutation: Your tail ends in a venomous barb.
                  | [Jiyva's grace]
  4863 | D:8      | Gained mutation: Your tail ends in a sharp venomous barb.
                  | [Jiyva's grace]
  4863 | D:8      | Gained mutation: Your tail ends in a wickedly sharp and
                  | venomous barb. [Jiyva's grace]
  4863 | D:8      | Gained mutation: You are agile. (Dex +4, Int/Str-1)
                  | [Jiyva's grace]
  4893 | D:8      | Reached skill level 1 in Armour
  5450 | Lair:1   | Entered Level 1 of the Lair of Beasts
  5450 | Lair:1   | Noticed a komodo dragon
  5453 | Lair:1   | Slimified a komodo dragon
  5453 | Lair:1   | a komodo dragon changed into a slime creature
  5472 | Lair:1   | Noticed a komodo dragon
  5487 | Lair:1   | Reached skill level 10 in Maces & Flails
  5489 | Lair:1   | Killed a komodo dragon
  5490 | Lair:1   | Reached skill level 5 in Fighting
  5569 | Lair:1   | Noticed a cane toad
  5577 | Lair:1   | Noticed a cane toad
  5578 | Lair:1   | Noticed a cane toad
  5608 | Lair:1   | Noticed a cane toad
  5614 | Lair:1   | Slain by a cane toad

Illustrated notes

Levels and vault maps discovered:
D:1:      giann_wishing_wells, layout_loops_corners, basic_ecumenical_altar
D:2:      layout_rooms, uniq_crazy_yiuf_cottage
D:3:      layout_rooms, nemelex_diamond_rough_becter, serial_shops, shop,
          kennysheep_generic_room_8, uniq_ijyb
D:4:      layout_basic, ebering_ghost_sewer_d, uniq_sigmund, uniq_grinder,
          uniq_eustachio
D:5:      layout_rooms, gammafunk_ghost_smash, serial_shops,
          nicolae_shop_statue_plus, kennysheep_small_spiral, uniq_edmund
D:6:      layout_rooms, marbit_many_paths
D:7:      layout_loops_cross, minmay_temple_entry_glass, uniq_duvessa
D:8:      layout_loops_ring, dpeg_oklobed_lair,
          nicolae_ossuary_entry_false_entrances, minmay_misc_feat_enclosed
Lair:1:   layout_cave_pods, infiniplex_staircase_pool

Skill      XL: |  1  2  3  4  5  6  7  8  9 |
---------------+----------------------------+-----
Maces & Flails | 3 4 5 7 8 10 | 10.1
Translocations | 4 5 6 7 8 9 |  9.2
Fighting       | 3 5 |  5.0
Armour         | 1 |  1.8
Dodging        | 2 |  2.4
Throwing       | |  0.6
Spellcasting   | |  2.0

Action                   |  1- 3 |  4- 6 |  7- 9 || total
-------------------------+-------+-------+-------++-------
Melee: Mace              |   123 |    43 |     5 ||   171
       Tailslap          |    11 |    11 |    46 ||    68
       Hand axe          |       |       |   235 ||   235
       Headbutt          |       |       |    56 ||    56
       Whip              |       |       |   111 ||   111
       Punch             |       |       |     3 ||     3
Throw: Dart              |       |     4 |       ||     4
       Boomerang         |       |     1 |       ||     1
 Cast: Manifold Assault  |       |       |     3 ||     3
       Blink             |       |       |     1 ||     1
Invok: Slimify           |       |       |     1 ||     1
 Abil: Rolling Charge    |     8 |     7 |     2 ||    17
Evoke: Wand              |       |     6 |     5 ||    11
  Use: Potion            |     3 |       |     3 ||     6
       Scroll            |       |       |     8 ||     8
 Stab: Confused          |       |     2 |     4 ||     6
       Sleeping          |       |       |     5 ||     5
       Distracted        |       |       |     1 ||     1
Armor: Leather armour    |    69 |    12 |    68 ||   149
       Skin              |    37 |       |       ||    37
Dodge: Dodged            |    80 |    18 |   138 ||   236

Table legend: (Time is in decaauts)
 A = Elapsed time spent in this place.
 B = Non-inter-level travel time spent in this place.
 C = Inter-level travel time spent in this place.
 D = Time resting spent in this place.
 E = Time spent auto-exploring this place.
 F = Levels seen in this place.
 G = Mean time per level.
                   A        B        C        D        E       F      G
               +--------+--------+--------+--------+--------+-----+--------+
         Total |   5628 |   5369 |    259 |     32 |   4019 |  10 |  562.8 |
       Dungeon |   5287 |   5029 |    258 |     32 |   3866 |   8 |  660.9 |
          Lair |    154 |    154 |      0 |      0 |     42 |   1 |  154.0 |
       Ossuary |    186 |    186 |      0 |      0 |    110 |   1 |  186.0 |
               +--------+--------+--------+--------+--------+-----+--------+

Top non-repeatable levels by time:
     D:1: 939 daAuts
     D:4: 758 daAuts
     D:7: 725 daAuts
     D:8: 624 daAuts
     D:6: 579 daAuts
     D:5: 576 daAuts
     D:3: 564 daAuts
     D:2: 520 daAuts
 Ossuary: 186 daAuts
  Lair:1: 154 daAuts
